 Dungeon Crawl Stone Soup version 0.15.0-16-gce31824 (webtiles) character file.

387 Gravenous the Cudgeler (level 6, -1/34 HPs)
             Began as a Gargoyle Summoner on Sept 6, 2014.
             Was a Follower of Zin.
             Slain by an ogre
             ... wielding a +0 giant spiked club
              (17 damage)
             ... on Level 4 of the Dungeon.
             The game lasted 00:06:26 (2796 turns).

Gravenous the Cudgeler (Gargoyle Summoner)          Turns: 2796, Time: 00:06:26

HP  -1/34        AC 12     Str 14      XL: 6   Next: 78%
MP  10/10        EV  9     Int 15      God: Zin [*.....]
Gold 143         SH  0     Dex 10      Spells:  1 memorised,  8 levels left

rFire  + . .     SeeInvis .     q - +2 dagger (venom)
rCold  . . .     Clarity  .     l - +0 ring mail
rNeg   + . .     rCorr    .     (no shield)
rPois  +         rRot     +     (no helmet)
rElec  +         Spirit   .     (no cloak)
SustAb .         Warding  .     h - +0 pair of gloves
rMut   .         Stasis   .     i - +0 pair of boots
Gourm  .                        (no amulet)
MR     +....                    n - ring of protection from magic
                                u - ring of protection from fire

@: somewhat resistant to hostile enchantments, very unstealthy
A: negative energy resistance 1, electricity resistance, unbreathing,
petrification resistance, rot immunity, AC +4
a: Recite, Renounce Religion


You were on level 4 of the Dungeon.
You worshipped Zin.
Zin was aware of your devotion.
You were not hungry.

You visited 1 branch of the dungeon, and saw 4 of its levels.

You collected 158 gold pieces.
You donated 15 gold pieces to Zin.

Inventory:

Hand weapons
 d - a +0 short sword
 e - a +0 club
 q - a +2 dagger of venom (weapon)
 t - a +0 flail
 x - a +2 short sword of freezing
Armour
 a - a +0 robe
 h - a +0 pair of gloves (worn)
 i - a +0 pair of boots (worn)
 l - a +0 ring mail (worn)
Comestibles
 c - 3 bread rations
 o - 4 beef jerkies
 w - a meat ration
Scrolls
 g - 4 scrolls of remove curse {unknown}
 j - a scroll of recharging {unknown}
 k - a scroll of fear {unknown}
 m - 2 scrolls of identify {unknown}
 p - 3 scrolls of teleportation {unknown}
 y - a scroll of immolation {unknown}
Jewellery
 n - a ring of protection from magic (right hand)
 u - a ring of protection from fire (left hand)
Potions
 f - 2 potions of brilliance
Books
 b - a book of Callings

   Spells                             Type                      Level
   *Summon Small Mammal               Summoning                    1
   Call Imp                           Summoning                    2
   Call Canine Familiar               Summoning                    3
   Summon Guardian Golem              Hexes/Summoning              4
   Summon Lightning Spire             Summoning/Air                4
   Summon Ice Beast                   Ice/Summoning                4


   Skills:
 + Level 1.0 Fighting
 * Level 5.0 Maces & Flails
 - Level 4.1 Armour
 - Level 1.5 Dodging
 - Level 2.1 Stealth
 - Level 2.0 Spellcasting
 - Level 3.6 Summonings


You had 8 spell levels left.
You knew the following spells:

 Your Spells              Type           Power        Failure   Level  Hunger
a - Summon Small Mammal   Summ           ##..         8%          1    #......


Dungeon Overview and Level Annotations

Branches:
Dungeon (4/15)
 Temple: D:4-7

Altars:
Zin


Innate Abilities, Weirdness & Mutations

You are resistant to torment.
You are immune to poison.
Your stone body is very resilient (AC +4).
You resist negative energy.
You are resistant to electric shocks.
You can survive without breathing.
You are immune to petrification.
You are immune to rotting.


Message History

The orc is heavily wounded.
You hit the orc but do no damage.
The orc is almost dead.
The orc closely misses you.
You closely miss the orc.
The orc is almost dead.
You kill the orc!
You hit the ogre.
The ogre is lightly wounded.
The ogre barely misses you.
You hit the ogre.
The ogre is moderately wounded.
The ogre hits you with a giant spiked club!!
Ouch! That really hurt!
* * * LOW HITPOINT WARNING * * *
Drink which item? (? for menu, Esc to quit)
You feel better.
The ogre hits you with a giant spiked club!
Ouch! That really hurt!
You die...

... +..... #.# #......
#.# #....... #.#
#.......# #.# +.......#
#.# #.......# #.#
#.......# #.###.......#
#########.@O).........
#.........###........
#.........# #........
#.........# #........
#.........# #.......
#######.........########+
......'........[......
.######.........##### .#
#.........#


You could see an ogre.

Vanquished Creatures
  Sigmund (D:3)
  An orc priest (D:3)
  3 orc wizards (D:3)
  2 worker ants
  6 adders
  2 giant mites (D:2)
  2 worms (D:3)
  2 giant geckos
  An ooze (D:3)
  13 orcs
  6 hobgoblins
  9 kobolds
  2 quokkas
  2 ball pythons
  4 bats
  3 giant cockroaches
  6 giant newts
  12 goblins
  8 rats
  A rat skeleton (D:4)
86 creatures vanquished.

Notes
Turn   | Place    | Note
--------------------------------------------------------------
     0 | D:1      | Gravenous, the Gargoyle Summoner, began the quest for the Orb.
     0 | D:1      | Reached XP level 1. HP: 10/10 MP: 3/3
    60 | D:1      | Reached skill level 1 in Armour
   299 | D:1      | Reached XP level 2. HP: 12/15 MP: 4/4
   649 | D:2      | Reached skill level 1 in Maces & Flails
   817 | D:2      | Reached XP level 3. HP: 19/19 MP: 6/6
  1078 | D:3      | Reached XP level 4. HP: 21/24 MP: 7/7
  1334 | D:3      | Reached XP level 5. HP: 17/28 MP: 9/9
  1651 | D:3      | Noticed Sigmund
  1731 | D:3      | Killed Sigmund
  1731 | D:3      | Reached skill level 4 in Maces & Flails
  1731 | D:3      | Reached XP level 6. HP: 14/32 MP: 10/10
  2465 | D:3      | Found a glowing silver altar of Zin.
  2555 | D:3      | Became a worshipper of Zin the Law-Giver
  2555 | D:3      | Acquired Zin's first power
  2731 | D:4      | Reached skill level 1 in Fighting
  2731 | D:4      | Reached skill level 5 in Maces & Flails
  2796 | D:4      | Slain by an ogre

Action                   |  1- 3 |  4- 6 || total
-------------------------+-------+-------++-------
Melee: Short sword       |    66 |       ||    66
       Dagger            |    53 |   190 ||   243
  Use: Potion            |       |     9 ||     9
  Eat: Chunk             |       |     4 ||     4
       Bread ration      |       |     1 ||     1
